 Dungeon Crawl Stone Soup version 0.26-a0-812-g31a745ddcd (webtiles) character file.

Game seed: 4866206615113936715

37 kae the Insei (level 3, 0/20 HPs)
             Began as a Tengu Transmuter on Nov 18, 2020.
             Slain by a gnoll
             ... wielding a +1 whip of electrocution
              (11 damage)
             ... on level 1 of the Dungeon.
             The game lasted 00:02:36 (2190 turns).

kae the Insei (Tengu Transmuter)                    Turns: 2190, Time: 00:02:36

Health: 0/20       AC:  2    Str: 11    XL:     3   Next: 39%
Magic:  6/7        EV: 12    Int: 13    God:
Gold:   56         SH:  0    Dex: 14    Spells: 5/6 levels left

rFire    . . .     SeeInvis .     - Unarmed
rCold    . . .     Faith    .   (no shield)
rNeg     . . .     Spirit   .   a - +0 robe
rPois    .         Reflect  .   (helmet currently unavailable)
rElec    .         Harm     .   (no cloak)
rCorr    .         Rampage  .   (no gloves)
MR       .....                  (boots unavailable)
Stlth    +.........             (no amulet)
HPRegen  0.06/turn              (no ring)
MPRegen  0.10/turn              (no ring)

@: appendages
A: beak, horns 2, talons 3
a: End Transformation


You were on level 1 of the Dungeon.
You had grown temporary horns.
You visited 1 branch of the dungeon, and saw 2 of its levels.

You collected 56 gold pieces.

Inventory:

Armour
 a - a +0 robe (worn)
Scrolls
 b - a scroll of identify
Potions
 f - a potion of magic


   Skills:
 - Level 1.0 Fighting
 - Level 2.1 Dodging
 + Level 3.8 Unarmed Combat
 - Level 2.0 Spellcasting
 * Level 2.6 Transmutations


You had 5 spell levels left.
You knew the following spells:

 Your Spells              Type           Power        Failure   Level
a - Beastly Appendage     Tmut           #.....       9%          1

Your spell library contained the following spells:

 Spells                   Type           Power        Failure   Level
 Wereblood                Tmut           #.......     13%         2
 Spider Form              Tmut/Pois      #.........   41%         3
 Ice Form                 Ice/Tmut       #.......     83%         4
 Blade Hands              Tmut           #.........   94%         5


Dungeon Overview and Level Annotations

Branches:
Dungeon (2/15)

Altars:


Innate Abilities, Weirdness & Mutations

You have a beak for a mouth.
You have claws for feet.
You have a pair of horns on your head.


Message History

You see here a hunting sling.
Okay, then.
Found a chain mail.
There is a stone staircase leading up here.
The gnoll closely misses you.
You climb upwards.
There is a stone staircase leading down here.
You see here a scale mail.
There is an open door, spattered with blood here.
Things that are here:
15 arrows; a +0 club
There is an open door here.
There is an open door here.
Casting: Beastly Appendage (safe; 9% risk of failure)
Confirm with . or Enter, or press ? or * to list all spells.
You grow a pair of large bovine horns.
The gnoll hits you with a +1 whip of electrocution!
You are electrocuted!
Ouch! That really hurt!
You die...

#.# #.# ##.##### #......########
#......'....... #......########
######### #......# #.....
########.......####......###.####
.......'.......[@g...............
########.......###.#########.##.#
#.........'...........#.##.#
#.#.......###>#.#.###.)..#.#
#.#.......###.#.#.# #....#.#
#....######.......# #....#.#
####.# #.......# #....#.. #.#
#.......###....### #########.#
#.................


You could see a gnoll.

Vanquished Creatures
  An adder (D:2)
  A gnoll (D:1)
  A leopard gecko (D:1)
  A ball python (D:1)
  2 giant cockroaches (D:1)
  2 goblins (D:1)
  4 hobgoblins (D:1)
  3 bats
  3 rats (D:1)
18 creatures vanquished.

Notes
Turn   | Place    | Note
-------+----------+-------------------------------------------
     0 | D:1      | kae the Tengu Transmuter began the quest for the Orb.
     0 | D:1      | Reached XP level 1. HP: 12/12 MP: 4/4
   260 | D:1      | Reached XP level 2. HP: 14/16 MP: 4/6
  1563 | D:2      | Reached XP level 3. HP: 16/20 MP: 5/7
  2190 | D:1      | Slain by a gnoll

Illustrated notes

Levels and vault maps discovered:
D:1:      sevenhm_arrival_forest_fort_small_5, layout_basic
D:2:      layout_rooms, kennysheep_generic_room_12

Skill      XL: |  1 |
---------------+----+-----
Transmutations | 2 |  2.6
Fighting       | |  1.0
Dodging        | |  2.1
Unarmed Combat | |  3.8
Spellcasting   | |  2.0

Action                   || total
-------------------------++-------
Melee: Unarmed           ||    59
       Kick              ||    11
       Peck              ||     5
       Headbutt          ||     3
 Cast: Beastly Appendage ||    12
  Use: Scroll            ||     7
Armor: Robe              ||    17
Dodge: Dodged            ||    47

Table legend: (Time is in decaauts)
 A = Elapsed time spent in this place.
 B = Non-inter-level travel time spent in this place.
 C = Inter-level travel time spent in this place.
 D = Time resting spent in this place.
 E = Time spent auto-exploring this place.
 F = Levels seen in this place.
 G = Mean time per level.
                   A        B        C        D        E       F      G
               +--------+--------+--------+--------+--------+-----+--------+
         Total |   2193 |   2124 |     69 |      3 |   1625 |   2 | 1096.5 |
       Dungeon |   2193 |   2124 |     69 |      3 |   1625 |   2 | 1096.5 |
               +--------+--------+--------+--------+--------+-----+--------+

Top non-repeatable levels by time:
     D:1: 2152 daAuts
     D:2: 40 daAuts
